 Dungeon Crawl Stone Soup version 0.30-a0-377-g5cb311bc9f (webtiles) character file.

Game seed: 12864612976033567480

79 KennySheep the Shooter (level 3, 0/30 HPs)
             Began as a Demigod Hunter on Dec 1, 2022.
             Slain by an orc
             ... wielding a +2 trident of freezing
              (2 damage)
             ... on level 3 of the Dungeon.
             The game lasted 00:03:24 (1654 turns).

KennySheep the Shooter (Demigod Hunter)             Turns: 1654, Time: 00:03:24

Health: 0/30       AC:  6    Str: 12    XL:     3   Next: 95%
Magic:  5/5        EV: 12    Int: 11    God:
Gold:   153        SH:  0    Dex: 21    Spells: 2/2 levels left

rFire   . . .      SeeInvis .    a - +0 shortbow
rCold   . . .      Faith    .    (shield currently unavailable)
rNeg    . . .      Spirit   .    c - +0 leather armour
rPois   .          Reflect  .    (no helmet)
rElec   .          Harm     .    (no cloak)
rCorr   .          Rampage  .    (no gloves)
Will    .....      Rage     3%   h - +2 pair of boots
Stlth   ++........               (no amulet)
HPRegen 0.25/turn                (no ring)
MPRegen 0.09/turn                (no ring)

@: brilliant
A: high MP 1, forlorn, divine attributes, berserk 1
a: no special abilities


You were on level 3 of the Dungeon.
You visited 1 branch of the dungeon, and saw 3 of its levels.

You collected 153 gold pieces.

Inventory:

Hand Weapons
 a - a +0 shortbow (weapon)
Armour
 c - a +0 leather armour (worn)
 f - a +0 pair of boots
 h - a +2 pair of boots (worn)
Jewellery
 m - a ring of willpower
Scrolls
 b - a scroll of immolation
 d - a scroll of identify
 j - a scroll of torment
 l - a scroll of enchant armour
Potions
 e - a potion of mutation
 g - a potion of curing {unknown}
 i - 2 potions of brilliance
 k - a potion of ambrosia {unknown}
 n - a potion of degeneration {unknown}


   Skills:
 + Level 2.3 Fighting
 * Level 4.3 Ranged Weapons
 + Level 2.4 Dodging
 + Level 1.8 Stealth


You had 2 spell levels left.
You didn't know any spells.
Your spell library contained the following spells:

 Spells                   Type           Power      Damage    Failure   Level
 Necrotise                Necr           0%         1d4       41%         1
 Sublimation of Blood     Necr           0%         N/A       56%         2
 Gell's Gravitas          Tloc           0%         N/A       80%         3
 Kindle Blastsparks       Fire/Tloc/Air  0%         2d10      80%         3
 Lesser Beckoning         Tloc           0%         N/A       80%         3
 Teleport Other           Tloc           0%         N/A       80%         3
 Vampiric Draining        Necr           0%         2d6       80%         3
 Fulminant Prism          Conj/Hex       0%         3d5       99%         4
 Iskenderun's Mystic Bla  Conj/Tloc      0%         2d3       99%         4
 Petrify                  Tmut/Erth      0%         N/A       99%         4
 Agony                    Necr           0%         N/A       100%        5
 Irradiate                Conj/Tmut      0%         3d11      100%        5
 Lee's Rapid Deconstruct  Erth           0%         3d4*      100%        5


Dungeon Overview and Level Annotations

Branches:
Dungeon (3/15)


Innate Abilities, Weirdness & Mutations

You have an increased reservoir of magic. (+10% MP)
You shall have no god before yourself.
Your divine heritage dramatically boosts your attributes as you level up.
You sometimes lose your temper in combat.


Message History

2 orcs and an orc priest come into view.
An orc is wielding a +2 trident of freezing.
Found a stone staircase leading up.
The orc priest shouts!
You hear a shout! x2
An orc comes into view. It is wielding a +0 club.
The orc moves out of view.
The orc shouts!
You hear a shout!
Found a scroll labelled WEUSTA GONE.
The orc priest attacks as you move away!
The orc priest misses you.
The orc shouts!
You hear an angry hiss.
The orc priest attacks as you move away!
The orc priest hits you but does no damage.
The orc priest attacks as you move away!
The orc priest hits you with a +0 dagger.
The orc priest attacks as you move away!
The orc priest barely misses you.
The orc priest calls down the wrath of Beogh upon you.
Beogh smites you!
There is an open door here.
You shoot an arrow. The arrow hits the orc priest.
The orc priest is moderately wounded.
You shoot an arrow. The arrow hits the orc priest!
You kill the orc priest!
You shoot an arrow. The arrow hits the orc.
The orc is severely wounded.
The orc hits you with a +0 club.
You shoot an arrow.
The arrow hits the orc but does no damage.
The orc hits you from afar with a +2 trident of freezing.
* * * LOW HITPOINT WARNING * * *
The orc freezes you.
* * * LOW HITPOINT WARNING * * *
The orc hits you with a +0 club.
* * * LOW HITPOINT WARNING * * *
You shoot an arrow.
The arrow hits the orc but does no damage.
You hear a shout!
The orc hits you from afar with a +2 trident of freezing.
You die...

#########
#.......####
#.......##<#
#.......##.####
#.......##....#
#.............#
#####@##.##...#
#o##..+......
#oo...#....##
#.....#.##.#
#.###.#.# .#
#..............
.
#######.#.#.###
#.#... #.# #.#


You could see 3 orcs.

Vanquished Creatures
  An orc priest (D:3)
  2 adders (D:2)
  A worm (D:2)
  4 ball pythons
  5 endoplasms
  A giant cockroach (D:2)
  3 hobgoblins
  8 bats
  2 frilled lizards
  2 goblins
  A kobold (D:1)
  3 rats
33 creatures vanquished.

Notes
Turn   | Place    | Note
-------+----------+-------------------------------------------
     0 | D:1      | KennySheep the Demigod Hunter began the quest for the Orb.
     0 | D:1      | Reached XP level 1. HP: 17/17 MP: 3/3
   424 | D:1      | Reached skill level 1 in Stealth
   618 | D:1      | Reached XP level 2. HP: 24/24 MP: 4/4
  1073 | D:2      | Reached skill level 4 in Ranged Weapons
  1238 | D:2      | Reached XP level 3. HP: 29/29 MP: 5/5
  1622 | D:2      | Gained mutation: You sometimes lose your temper in combat.
                  | [potion of mutation]
  1653 | D:3      | HP: 1/30 [orc/+0 club (5)]
  1654 | D:3      | Slain by an orc

Illustrated notes

Levels and vault maps discovered:
D:1:      dpeg_arrival_three_same_balls, layout_basic, serial_curves,
          eino_curves_02, eino_curves_01
D:2:      layout_basic
D:3:      layout_basic, gup_sewer_entry_bowl

Skill      XL: |  1  2 |
---------------+-------+-----
Stealth        | 1 |  1.8
Fighting       | 2 |  2.3
Dodging        | 2 |  2.4
Ranged Weapons | 4 |  4.3

Action                   || total
-------------------------++-------
 Fire: Shortbow          ||    78
  Use: Scroll            ||     2
       Potion            ||     2
Armor: Leather armour    ||     6
Dodge: Dodged            ||    24

Table legend: (Time is in decaauts)
 A = Elapsed time spent in this place.
 B = Non-inter-level travel time spent in this place.
 C = Inter-level travel time spent in this place.
 D = Time resting spent in this place.
 E = Time spent auto-exploring this place.
 F = Levels seen in this place.
 G = Mean time per level.
                   A        B        C        D        E       F      G
               +--------+--------+--------+--------+--------+-----+--------+
         Total |   1680 |   1634 |     46 |      0 |   1375 |   3 |  560.0 |
       Dungeon |   1680 |   1634 |     46 |      0 |   1375 |   3 |  560.0 |
               +--------+--------+--------+--------+--------+-----+--------+

Top non-repeatable levels by time:
     D:1: 864 daAuts
     D:2: 791 daAuts
     D:3: 25 daAuts
